 Dungeon Crawl Stone Soup version 0.31-a0-963-ga325b2283a (webtiles) character file.

Game seed: 3209913528491486990

70 Maxmaps the Changeling (level 4, -7/28 HPs)
             Began as an Octopode Shapeshifter on Oct 25, 2023.
             Mangled by an orc priest
             ... wielding a +1 whip of electrocution
              (13 damage)
             ... on level 3 of the Dungeon.
             The game lasted 00:01:39 (1734 turns).

Maxmaps the Changeling (Octopode Shapeshifter)      Turns: 1734, Time: 00:01:40

Health: -7/28      AC:  1    Str: 13    XL:     4   Next: 22%
Magic:  4/4        EV: 13    Int: 14    God:
Gold:   118        SH:  0    Dex: 11    Spells: 3/3 levels left

rFire   . .          .
                       - Unarmed
rCold   . . .        (no shield)
rNeg    + . .        (helmet currently unavailable)
rPois   .            (no amulet)
rElec   .            o - ring of positive energy
rCorr   .            (no ring)
SInv    .            (no ring)
Will    .....        (no ring)
Stlth   ++           (no ring)
HPRegen 0.24/turn    (no ring)
MPRegen 0.09/turn    (no ring)
                     (no ring)

%: no passive effects
@: beast-form
A: beast (slay +2), almost no armour, amphibious, 8 rings, camouflage 1,
gelatinous body 1, (nimble swimmer 1), tentacles
a: Begin Untransformation


You were on level 3 of the Dungeon.
You were a hulking beast.
You visited 1 branch of the dungeon, and saw 3 of its levels.

You collected 118 gold pieces.

Inventory:

Jewellery
 j - a ring of fire
 o - a ring of positive energy (left tentacle)
Talismans
 b - a beast talisman
 c - a flux talisman
 n - a blade talisman
Scrolls
 d - 5 scrolls of identify {unknown}
 g - a scroll of acquirement {unknown}
 m - a scroll of revelation {unknown}
 p - a scroll of fog {unknown}
Potions
 a - a potion of lignification
 e - a potion of berserk rage {unknown}
 f - a potion of heal wounds {unknown}
 h - a potion of might {unknown}
 i - a potion of magic {unknown}
 k - a potion of curing {unknown}
 l - a potion of mutation {unknown}
 q - a potion of haste {unknown}


   Skills:
 - Level 1.0 Fighting
 - Level 2.0 Dodging
 - Level 3.0 Unarmed Combat
 + Level 4.7 Shapeshifting


You had 3 spell levels left.
You didn't know any spells.
Your spell library contained the following spells:

 Spells                   Type           Power      Damage    Failure   Level
 Sublimation of Blood     Necr           0%         N/A       41%         2
 Petrify                  Tmut/Erth      0%         N/A       96%         4
 Irradiate                Conj/Tmut      0%         3d11      100%        5


Dungeon Overview and Level Annotations

Branches:
Dungeon (3/15)

Altars:


Innate Abilities, Weirdness & Mutations

You are a hulking beast.
Your limbs bulge with bestial killing power. (Slay +2)
You cannot wear most types of armour.
You are amphibious.
You can wear up to eight rings at the same time.
Your skin changes colour to match your surroundings (Stealth+).
Your rubbery body absorbs attacks. (AC +1, EV +1)
((You are camouflaged when in or above water. (Stealth+)))
You have tentacles for arms and can constrict up to eight enemies at once.


Message History

Found a stone staircase leading up.
The orc priest shouts!
You hear a shout!
The orc priest calls down the wrath of Beogh upon you.
Beogh smites you!
Ouch! That really hurt!
An orc comes into view.
It is wielding a +2 vampiric short sword.
You are too injured to fight recklessly!
You are too injured to fight recklessly!
You are too injured to fight recklessly!
You are too injured to fight recklessly!
You are too injured to fight recklessly!
You are too injured to fight recklessly!
You are too injured to fight recklessly!
You are too injured to fight recklessly!
You are too injured to fight recklessly!
You are too injured to fight recklessly!
You are too injured to fight recklessly!
You are too injured to fight recklessly!
You are too injured to fight recklessly!
You are too injured to fight recklessly!
The giant cockroach attacks as it pursues you!
The giant cockroach bites you. The giant cockroach closely misses you.
The giant cockroach attacks as it pursues you!
The giant cockroach bites you. x2
The giant cockroach waves its antennae.
You tentacle-slap the giant cockroach. You grab the giant cockroach.
The giant cockroach is heavily wounded.
You constrict the giant cockroach. The giant cockroach barely misses you.
You tentacle-slap the giant cockroach.
You kill the giant cockroach!
You see here a giant cockroach corpse.
You tentacle-slap the orc priest. You grab the orc priest.
You squeeze the orc priest!
The orc priest is almost dead.
You constrict the orc priest.
The orc priest hits you with a +1 whip of electrocution.
* * * LOW HITPOINT WARNING * * *
You are electrocuted!
You die...

#.# .......### #.#
#..:...... #.#
#.#......<.o #.#
#.#......#.. #.#
#.#......... #.#
###### #.#.........
#.# #....# #.#......#
#.###.##.#
#.#o###.....
#.#....#.#####.#h# ...
#.#....#.....#.#.# .
#.#....#####.#...#.#.
...................>.#
#.#....#####.#......##
..#....# #.#.####.#
###....# #.#.# .#
#.#### #.#.# # #.#
#.#.#


You could see an orc priest.

Vanquished Creatures
  2 adders (D:2)
  2 worms (D:2)
  A dart slug (D:2)
  An orc (D:2)
  2 giant cockroaches
  3 goblins
  7 hobgoblins
  6 quokkas
  3 ball pythons
  5 bats
  2 frilled lizards (D:2)
  2 kobolds (D:1)
  5 rats
41 creatures vanquished.

Notes
Turn   | Place    | Note
-------+----------+-------------------------------------------
     0 | D:1      | Maxmaps the Octopode Shapeshifter began the quest for the
                  | Orb.
     0 | D:1      | Reached XP level 1. HP: 13/13 MP: 1/1
   249 | D:1      | Reached XP level 2. HP: 14/18 MP: 2/2
  1017 | D:2      | Reached XP level 3. HP: 23/23 MP: 3/3
  1029 | D:2      | Reached skill level 4 in Shapeshifting
  1247 | D:2      | Found a faded altar of an unknown god.
  1347 | D:2      | Reached XP level 4. HP: 28/28 MP: 4/4
  1734 | D:3      | Mangled by an orc priest

Illustrated notes

Levels and vault maps discovered:
D:1:      dpeg_arrival_three_smaller_balls, layout_basic,
          minmay_misc_feat_columns, hex_tiny
D:2:      layout_rooms, shapermc_ecumenical_altar_ellora, interstate_on_off,
          chequers_avenue
D:3:      layout_basic, nicolae_ru_great_annihilating_truth, minivault_25,
          feat_on_display

Skill      XL: |  1  2  3 |
---------------+----------+-----
Shapeshifting  | 4 |  4.7
Fighting       | |  1.0
Dodging        | |  2.0
Unarmed Combat | |  3.0

Action                     |  1- 3 |  4- 6 || total
---------------------------+-------+-------++-------
  Melee: Unarmed           |    64 |    18 ||    82
         Tentacles         |    13 |     3 ||    16
         Constrict         |    14 |     7 ||    21
         Punch             |     2 |       ||     2
   Stab: Sleeping          |     8 |     2 ||    10
 Armour: Skin              |    24 |     9 ||    33
  Dodge: Dodged            |    33 |    10 ||    43

Table legend: (Time is in decaauts)
 A = Elapsed time spent in this place.
 B = Non-inter-level travel time spent in this place.
 C = Inter-level travel time spent in this place.
 D = Time resting spent in this place.
 E = Time spent auto-exploring this place.
 F = Levels seen in this place.
 G = Mean time per level.
                   A        B        C        D        E       F      G
               +--------+--------+--------+--------+--------+-----+--------+
         Total |   1728 |   1675 |     53 |     59 |   1339 |   3 |  576.0 |
       Dungeon |   1728 |   1675 |     53 |     59 |   1339 |   3 |  576.0 |
               +--------+--------+--------+--------+--------+-----+--------+

Top non-repeatable levels by time:
     D:1: 1005 daAuts
     D:2: 621 daAuts
     D:3: 102 daAuts
